Unix NetHack Version 5.0.0-0 post-release - last build May  4 2026 22:22:43 (774f63e81ad911689b3a0859ea89b322d5daca8d,branch:main).

Game began 2026-05-06 21:21:20, ended 2026-05-07 22:03:41.

Hamtub, neutral female gnomish Cavewoman

                                   ---------                 ----------
                                   |.......|                 |......<.|
                                   |.......|                 |........|
                                   |.......@###              |........|
                                   |.......|  ###%#%##*######.........|
                                   -------.-                 |........|
                                                             |........|
                                                             ----------

Hamtub the Aborigine     St:18 Dx:15 Co:18 In:9 Wi:8 Ch:8  Neutral
Dlvl:3  $:32 HP:0(32) Pw:9(9) AC:7  Xp:3 T:800  FoodPois Satiated

Latest messages:
 You see here 2 uncursed flint stones.
 You have a little trouble lifting 2 uncursed flint stones.  Continue? [ynq] (q) y
 You have a little trouble lifting c - 2 uncursed flint stones (in quiver pouch) (17 in total).  Your movements are slowed slightly because of your load.
 You see here 2 uncursed flint stones.
 You hit the gnome zombie.  The gnome zombie hits!  The gnome zombie hits!
 You destroy the gnome zombie!
 You see here a gnome corpse.
 You see here 2 uncursed flint stones.
 What do you want to drop? [$a-r or ?*] ?
 You drop a newt corpse.  Your movements are now unencumbered.
 You see here a gnome corpse.
 Pick a monster, object or location.
 %        a piece of food (some food rations)
 You see here 2 food rations.
 You have a little trouble lifting 2 food rations.  Continue? [ynq] (q) q
 Really save? [yn] (n) y
 Saving...
 Restoring save file...
 Hello Hamtub, the gnomish Cavewoman, welcome back to NetHack!
 You see here 2 food rations.
 You have a little trouble lifting 2 food rations.  Continue? [ynq] (q) y
 You have a little trouble lifting l - 2 food rations (5 in total).
 Your movements are slowed slightly because of your load.
 What do you want to drink? [hn or ?*] ?
 Your feet are frozen to the floor!
 You can move again.
 What do you want to drink? [h or ?*] ?
 What do you want to drink? [h or ?*] <esc>
 Never mind.
 What do you want to eat? [lq or ?*] ?
 Ulch - that meat was tainted!
 You feel deathly sick.
 (It must have died too long ago to be safe to eat.)
 Your movements are now unencumbered.
 What do you want to drink? [h or ?*] h
 You feel better.
 You don't have anything to drink.
 What do you want to eat? [l or ?*] l
 You're having a hard time getting all of it down.
 You're finally finished.
 Searching doesn't feel like a good idea right now.
 Your sickness feels worse.
 Your sickness is severe.
 You are at Death's door.
 You die from your illness.
 Do you want your possessions identified? [ynq] (y) y
 Do you want to see your attributes? [ynq] (y) y
 Do you want an account of creatures vanquished? [ynaq] (y) y
 Do you want to see your conduct and achievements? [ynq] (y) y
 Do you want to see the dungeon overview? [ynq] (y) y

Inventory:
 Coins    ('$')
  $ - 32 gold pieces
 Amulets  ('"')
  m - an uncursed amulet of reflection (alternate weapon; not wielded)
 Weapons  (')')
  b - a +2 sling (weapon in right hand)
  a - a blessed +1 club
 Armor    ('[')
  j - an uncursed +0 orcish helm (being worn)
  e - an uncursed +0 leather armor (being worn)
 Comestibles  ('%')
  l - 4 uncursed food rations
 Scrolls  ('?')
  f - an uncursed scroll of scare monster
 Rings    ('=')
  i - an uncursed ring of warning (on right hand)
 Wands    ('/')
  k - a wand of create monster (0:10)
  o - a wand of fire (0:5)
 Gems/Stones  ('*')
  p - an uncursed topaz stone
  g - an uncursed worthless piece of violet glass
  c - 17 uncursed flint stones (in quiver pouch)
  d - 36 uncursed rocks

Hamtub the Cavewoman's attributes:

Background:
 You were an Aborigine, a level 3 gnomish Cavewoman.
 You were neutral, on a mission for Ishtar
 who was opposed by Anu (lawful) and Anshar (chaotic).
 You were right-handed.
 You were in the Dungeons of Doom, on level 3.
 You entered the dungeon 800 turns ago.
 It was nighttime.
 You had 52 experience points, 28 more were needed to attain level 4.

Basics:
 You had 0 out of 32 hit points.
 You had all 9 energy points (spell power).
 Your armor class was 7.
 Your wallet contained 32 zorkmids.
 Autopickup was off.

Final Characteristics:
 Your strength was 18 (limit:18/50).
 Your dexterity was 15 (limit:18).
 Your constitution was 18 (limit:18).
 Your intelligence was 9 (limit:19).
 Your wisdom was 8 (limit:18).
 Your charisma was 8 (limit:18).

Final Status:
 You died from food poisoning.
 You were satiated.
 You were unencumbered.
 You were wielding a sling.
 You had basic skill with sling.

Final Attributes:
 You were fervently aligned.
 You were warned.
 You had infravision.
 You were warded.
 You are dead.

Miscellaneous:
 You didn't encounter any bones levels.
 Total elapsed playing time was 59 minutes and 15 seconds.

Major events:
 Turn
    1: Hamtub the neutral gnomish Cavewoman entered the dungeon
  661: attained the rank of Aborigine (level 3)
  800: poisoned by a rotted homunculus corpse

You didn't know any spells.

Skills:
 Fighting Skills
   bare handed combat [Basic]
 Weapon Skills
   dagger             [Unskilled]
   knife              [Unskilled]
   axe                [Unskilled]
   pick-axe           [Unskilled]
   club               [Basic]
   mace               [Unskilled]
   morning star       [Unskilled]
   flail              [Unskilled]
   hammer             [Unskilled]
   quarterstaff       [Unskilled]
   polearms           [Unskilled]
   spear              [Unskilled]
   trident            [Unskilled]
   bow                [Unskilled]
   sling              [Basic]
   boomerang          [Unskilled]
   unicorn horn       [Unskilled]
 Spellcasting Skills
   attack spells      [Unskilled]
   matter spells      [Unskilled]

Voluntary challenges:
 Character rerolling was not enabled.
 You were an atheist.
 You never genocided any monsters.
 You never polymorphed an object.
 You never changed form.
 You used no wishes.
Achievement:
 You attained the rank of Aborigine.

 The Dungeons of Doom: levels 1 to 3
    Level 1:
    Level 2:
    Level 3: <- You were here.
       Final resting place for
          you, poisoned by a rotted homunculus corpse.


Vanquished creatures:
  a homunculus
 an acid blob
  a gas spore
  a gnome zombie
  a gecko
  a kobold
  3 goblins
  2 sewer rats
  3 grid bugs
  a lichen
  4 newts
19 creatures vanquished.

No species were genocided or became extinct.

Game over:
                       ----------
                      /          \
                     /    REST    \
                    /      IN      \
                   /     PEACE      \
                  /                  \
                  |      Hamtub      |
                  |      32 Au       |
                  |  poisoned by a   |
                  |      rotted      |
                  |    homunculus    |
                  |      corpse      |
                  |       2026       |
                 *|     *  *  *      | *
        _________)/\\_//(\/(/\)/\//\/|_)_______

Goodbye Hamtub the Cavewoman...

You were poisoned in The Dungeons of Doom on dungeon level 3 with 377 points,
and 32 pieces of gold, after 800 moves.
You were level 3 with a maximum of 32 hit points when you were poisoned.

